 Dungeon Crawl Stone Soup version 0.21.1 (webtiles) character file.

38 theElss the Skirmisher (level 3, -8/36 HPs)
             Began as a Gargoyle Berserker on Feb 3, 2018.
             Was a Follower of Trog.
             Mangled by an orc warrior
             ... wielding a +0 battleaxe
              (21 damage)
             ... on level 2 of the Dungeon.
             The game lasted 00:01:50 (1012 turns).

theElss the Skirmisher (Gargoyle Berserker)         Turns: 1012, Time: 00:01:51

Health: -8/36      AC: 12    Str: 26    XL:     3   Next: 43%
Magic:  3/3        EV:  9    Int:  7    God:    Trog [*.....]
Gold:   28         SH:  0    Dex:  9    Spells: 2/2 levels left

rFire    . . .     SeeInvis .   a - +0 mace
rCold    . . .     Gourm    .   (no shield)
rNeg     + . .     Faith    .   h - +0 chain mail
rPois    ∞         Spirit   .   (no helmet)
rElec    +         Reflect  .   (no cloak)
rCorr    .         Harm     .   (no gloves)
MR       .....                  (no boots)
Stlth    ..........             (no amulet)
HPRegen  0.12/turn              (no ring)
MPRegen  0.08/turn              (no ring)

@: berserking, very quick
A: negative energy resistance 1, electricity resistance, unbreathing,
petrification resistance, rot immunity, AC +3
a: Berserk, Burn Spellbooks, Renounce Religion


You were on level 2 of the Dungeon.
You worshipped Trog.
Trog was aware of your devotion.
You were very hungry.

You visited 1 branch of the dungeon, and saw 2 of its levels.

You collected 28 gold pieces.

Inventory:

Hand Weapons
 a - a +0 mace (weapon)
Armour
 b - a +0 animal skin
 h - a +0 chain mail (worn)
Jewellery
 k - an uncursed ring of protection from cold {unknown}
 n - a +5 ring of strength {unknown}
Scrolls
 f - a scroll of enchant armour {unknown}
 g - a scroll of identify {unknown}
 i - a scroll of fog {unknown}
 j - 2 scrolls of immolation {unknown}
 m - a scroll of teleportation {unknown}
 o - a scroll of blinking {unknown}
Potions
 e - a potion of mutation {unknown}
 l - 2 potions of flight {unknown}
Comestibles
 c - 2 rations
 d - a chunk of flesh


   Skills:
 + Level 3.9 Fighting
 + Level 3.5 Maces & Flails
 + Level 2.6 Armour
 + Level 1.6 Dodging
 + Level 0.4 Stealth


You had 2 spell levels left.
You didn't know any spells.

Dungeon Overview and Level Annotations

Branches:
Dungeon (2/15)

Altars:


Innate Abilities, Weirdness & Mutations

You are resistant to torment.
Your stone body is resilient. (AC +3)
You are immune to poison.
You resist negative energy. (rN+)
You are resistant to electric shocks. (rElec)
You can survive without breathing.
You are immune to petrification.
You are immune to rotting.


Message History

You hit the leopard gecko.
You kill the leopard gecko!
Trog accepts your kill.
The orc warrior throws a tomahawk.
The tomahawk hits you but does no damage.
You barely miss the orc.
A red film seems to cover your vision as you go berserk!
You feel yourself moving faster!
You feel mighty!
You are feeling very hungry.
Unknown command.
You closely miss the orc warrior.
The orc warrior hits you with a battleaxe!!
Ouch! That really hurt!
You hear a bark!
You sock the orc warrior!
The orc warrior is moderately wounded.
You hear an angry hiss.
You hear a bark!
The orc warrior hits you with a battleaxe!!
Ouch! That really hurt!
You die...

.... .... .....
############# .....
............# ......
######.###.#
......#######.# #.#
.......oo@....# #.#
.###.#o###.<.# #.#
#(# #..####.#
........# #..##...#
#.###...# #..##.###
#...# #..##.######.#
l.o.###.<##........#
.o............####..#
.....####..###.#


You could see an orc warrior and 2 orcs.

Vanquished Creatures
  An ooze (D:2)
  A worm (D:2)
  2 leopard geckos
  An orc (D:2)
  6 giant cockroaches (D:1)
  4 goblins (D:1)
  4 hobgoblins (D:1)
  A kobold (D:1)
  A ball python (D:1)
  4 rats (D:1)
25 creatures vanquished.

Notes
Turn   | Place    | Note
-------+----------+-------------------------------------------
     0 | D:1      | theElss the Gargoyle Berserker began the quest for the Orb.
     0 | D:1      | Reached XP level 1. HP: 14/14 MP: 1/1
   138 | D:1      | Reached XP level 2. HP: 19/19 MP: 2/2
   732 | D:1      | Reached XP level 3. HP: 24/24 MP: 3/3
   996 | D:2      | Noticed an orc warrior
  1012 | D:2      | Mangled by an orc warrior

Action                   || total
-------------------------++-------
Melee: Mace              ||    86
Invok: Berserk           ||     1
 Stab: Sleeping          ||     1
Armor: Animal skin       ||     4
       Chain mail        ||    34
Dodge: Dodged            ||    37
